 Dungeon Crawl Stone Soup version 0.23.2-1-ga50397a6bc (webtiles) character file.

Game seed: 8610557061539509429

121 OneEyedShark the Skirmisher (level 4, -12/41 HPs)
             Began as a Minotaur Fighter on May 28, 2019.
             Killed by nerve-wracking pain
             ... invoked by an orc priest
              (14 damage)
             ... on level 3 of the Dungeon.
             The game lasted 00:06:40 (1857 turns).

OneEyedShark the Skirmisher (Minotaur Fighter)      Turns: 1857, Time: 00:06:40

Health: -12/41     AC: 10    Str: 26    XL:     4   Next: 77%
Magic:  3/3        EV:  7    Int:  5    God:
Gold:   107        SH: 10    Dex: 10    Spells: 3/3 levels left

rFire    . . .     SeeInvis .   a - +0 flail
rCold    . . .     Gourm    .   c - +0 shield
rNeg     . . .     Faith    .   t - +0 chain mail
rPois    +         Spirit   .   (helmet restricted)
rElec    .         Reflect  .   j - scarf {repulsion}
rCorr    .         Harm     .   p - +0 pair of gloves
MR       .....                  (no boots)
Stlth    ..........             (no amulet)
HPRegen  0.13/turn              e - ring of poison resistance
MPRegen  0.08/turn              (no ring)

@: mighty, repel missiles
A: retaliatory headbutt, horns 2
a: no special abilities


You were on level 3 of the Dungeon.
You were not hungry.

You visited 1 branch of the dungeon, and saw 3 of its levels.

You collected 107 gold pieces.

Inventory:

Hand Weapons
 a - a +0 flail (weapon)
Armour
 c - a +0 shield (worn)
 j - a scarf of repulsion (worn)
 p - a +0 pair of gloves (worn)
 t - a +0 chain mail (worn)
Jewellery
 e - a ring of poison resistance (left hand)
Scrolls
 g - a scroll of random uselessness {unknown}
 h - 3 scrolls of remove curse {unknown}
 l - a scroll of fear {unknown}
 n - 2 scrolls of enchant armour {unknown}
 q - a scroll of immolation {unknown}
 s - a scroll of identify {unknown}
 v - a scroll of blinking {unknown}
Potions
 b - a potion of heal wounds {unknown}
 k - a potion of mutation {unknown}
 m - 2 potions of invisibility {unknown}
 o - a potion of curing {unknown}
 r - a potion of agility {unknown}
 u - a potion of brilliance {unknown}
 w - a potion of magic {unknown}
Comestibles
 f - 5 rations
 i - 6 chunks of flesh


   Skills:
 + Level 4.4 Fighting
 + Level 3.4 Maces & Flails
 + Level 4.4 Armour
 + Level 2.1 Dodging
 + Level 4.3 Shields


You had 3 spell levels left.
You didn't know any spells.
Your spell library contained the following spells:

 Spells                   Type           Power        Failure   Level  Hunger
 Animate Skeleton         Necr           N/A          100%        1    ##.....
 Pain                     Necr           #...         100%        1    ##.....
 Sublimation of Blood     Necr           #.........   100%        2    ###....
 Regeneration             Chrm/Necr      #.........   100%        3    ####...


Dungeon Overview and Level Annotations

Branches:
Dungeon (3/15)

Altars:
Kikubaaqudgha


Innate Abilities, Weirdness & Mutations

You reflexively headbutt those who attack you in melee.
You have a pair of horns on your head.


Message History

Beogh smites you!
* * * LOW HITPOINT WARNING * * *
You feel very mighty all of a sudden.
The orc priest invokes the aid of Beogh against you.
You barely resist.
Your shield and chain mail prevent you from hitting the orc priest.
The orc priest is heavily wounded.
A kobold comes into view. It is wielding a +0 dagger.
The orc priest mumbles some strange prayers to Beogh against you.
Pain shoots through your body!
* * * LOW HITPOINT WARNING * * *
Your shield and chain mail prevent you from hitting the orc priest.
The orc priest is heavily wounded.
You block the orc priest's attack. The orc priest barely misses you.
You thump the orc priest!
You kill the orc priest!
Your Dodging skill increases to level 2!
The orc priest invokes the aid of Beogh against you.
Pain shoots through your body!
You die...

.
#.............#
# ##
#.............#
#
#.............#
##########'####
#.....# #.#####
#.# #.#####
#@#... #o#†#.#
#K..o.# #####.#


You could see an orc priest and a kobold.

Vanquished Creatures
  An orc priest (D:3)
  A sky beast zombie (D:3)
  A hound zombie (D:3)
  An adder (D:2)
  A scorpion zombie (D:3)
  A worm zombie (D:2)
  An adder skeleton (D:3)
  3 worms
  A dart slug (D:1)
  2 leopard geckos (D:2)
  8 orcs (D:3)
  A bat zombie (D:3)
  3 giant cockroaches
  6 goblins
  9 hobgoblins
  6 bats
  5 frilled lizards
  A frilled lizard zombie (D:3)
  5 kobolds
  A kobold zombie (D:3)
  8 rats
66 creatures vanquished.

Notes
Turn   | Place    | Note
-------+----------+-------------------------------------------
     0 | D:1      | OneEyedShark the Minotaur Fighter began the quest for the
                  | Orb.
     0 | D:1      | Reached XP level 1. HP: 19/19 MP: 0/0
   314 | D:1      | Reached XP level 2. HP: 27/27 MP: 1/1
   673 | D:2      | Reached skill level 1 in Dodging
   676 | D:2      | Reached XP level 3. HP: 27/33 MP: 2/2
   935 | D:2      | Found a faded altar of an unknown god.
   979 | D:2      | Became a worshipper of Kikubaaqudgha
   979 | D:2      | Reached * piety under Kikubaaqudgha
   979 | D:2      | Identified Kikubaaqudgha's Guide on Evil (Kikubaaqudgha
                  | gifted it to you on level 2 of the Dungeon)
   979 | D:2      | Received a gift from Kikubaaqudgha
   984 | D:2      | Fell from the grace of Kikubaaqudgha
  1522 | D:3      | Reached XP level 4. HP: 38/40 MP: 3/3
  1855 | D:3      | HP: 2/40 [orc priest/nerve-wracking pain (6)]
  1857 | D:3      | Killed from afar by an orc priest

Skill      XL: |  1  2  3  4 |
---------------+-------------+-----
Dodging        | 1 2 |  2.1
Fighting       | 4 |  4.4
Armour         | 4 |  4.4
Shields        | 4 |  4.3
Maces & Flails | 3 |  3.4

Action                   |  1- 3 |  4- 6 || total
-------------------------+-------+-------++-------
Melee: Flail             |   127 |    64 ||   191
       Headbutt          |     9 |    15 ||    24
Invok: Renounce Religion |     1 |       ||     1
  Use: Potion            |       |     1 ||     1
  Eat: Chunk             |     2 |     1 ||     3
Armor: Scale mail        |    50 |       ||    50
       Chain mail        |     9 |    26 ||    35
Dodge: Dodged            |    46 |    12 ||    58
       Deflected         |     1 |       ||     1
Block: Shield            |    56 |    33 ||    89
